[Event "CZE-ch Youth G10-G12-G14 2022"]
[Site "Luhacovice"]
[Date "2022.03.12"]
[Round "1.43"]
[White "Brezikova, Beata"]
[Black "Vacekova Anita"]
[Result "0-1"]
[ECO "C56"]
[WhiteElo "1266"]
[BlackElo "1000"]
[Annotator "NA"]
[PlyCount "117"]
[EventDate "2022.03.12"]
[EventType "swiss"]
[EventCountry "CZE"]
[SourceTitle "playchess.com"]
[Source "ChessBase"]
[SourceQuality "1"]
[TimeControl "40/5400+30:1800+30"]

1. e4 e5 2. Nf3 Nc6 3. d4 exd4 4. Bc4 Nf6 5. e5 d5 6. Bb5 Nd7 7. O-O Bc5 8. Bxc6 bxc6 9. Nxd4 Bxd4 10. Qxd4 O-O 11. Nc3 Bb7 12. Re1 Re8 13. b4 Qe7 14. Na4 f6 15. f4 Qf7 16. Bb2 fxe5 17. fxe5 Nf8 18. Rf1 Qg6 19. c4 Ne6 20. Qc3 Ba6 21. Rfe1 Bxc4 22. Qd2 Ng5 23. Kh1 Ne4 24. Qe3 Rf8 25. Nc5 Rf2 26. g3 Rxb2 27. Nxe4 Qxe4+ 28. Qxe4 dxe4 29. a3 Rf8 30. Rac1 Bd5 31. Kg1 Rff2 32. Re3 Rxh2 33. g4 Rhg2+ 34. Kf1 Rxg4 35. Rcc3 Rbg2 36. Ke1 Rg1+ 37. Kd2 R4g2+ 38. Re2 g5 39. Rxg2 Rxg2+ 40. Ke1 a6 41. Kf1 Rb2 42. Rg3 h6 43. Rh3 Kg7 44. Rg3 Rb3 45. Rxb3 Bxb3 46. Kf2 h5 47. Ke3 Bd5 48. a4 Kf7 49. Kf2 Ke6 50. Ke3 Kxe5 51. Kf2 g4 52. Kf1 Kf4 53. Kg1 e3 54. Kf1 Bc4+ 55. Kg1 Kf3 56. Kh2 e2 57. b5 e1=Q 58. bxc6 Qg3+ 59. Kh1 0-1

[Event "CZE-ch Youth G10-G12-G14 2022"]
[Site "Luhacovice"]
[Date "2022.03.13"]
[Round "2.1"]
[White "Jenikova Sabina"]
[Black "Vancakova, Veronika"]
[Result "0-1"]
[ECO "D00"]
[WhiteElo "1076"]
[BlackElo "1300"]
[Annotator "NA"]
[PlyCount "70"]
[EventDate "2022.03.12"]
[EventType "swiss"]
[EventCountry "CZE"]
[SourceTitle "playchess.com"]
[Source "ChessBase"]
[SourceQuality "1"]
[TimeControl "40/5400+30:1800+30"]

1. d4 Nf6 2. Nc3 d5 3. Bf4 g6 4. Nb5 Na6 5. e3 c6 6. Nc3 Nc7 7. Nf3 Bg7 8. Bd3 Ne6 9. Be5 O-O 10. O-O b6 11. h3 Bb7 12. b3 c5 13. a4 Qc8 14. Qd2 Rd8 15. Rfe1 Nf8 16. Nb5 Ne6 17. c4 a6 18. cxd5 Bxd5 19. Nc3 Bxf3 20. gxf3 cxd4 21. exd4 Nh5 22. b4 Nxd4 23. Bxg7 Nxf3+ 24. Kg2 Nxd2 25. Bh6 Qxc3 26. Bxd2 Qxd2 27. Be2 Qg5+ 28. Bg4 Ra7 29. Kh2 Rd2 30. Rf1 Rc7 31. Rab1 Rcc2 32. Kg1 f5 33. f3 Rg2+ 34. Kh1 Rh2+ 35. Kg1 Rcg2# 0-1

[Event "CZE-ch Youth G10-G12-G14 2022"]
[Site "Luhacovice"]
[Date "2022.03.13"]
[Round "2.2"]
[White "Hujova Tess"]
[Black "Kusova, Nikola"]
[Result "1-0"]
[ECO "A22"]
[WhiteElo "1000"]
[BlackElo "1227"]
[Annotator "NA"]
[PlyCount "57"]
[EventDate "2022.03.12"]
[EventType "swiss"]
[EventCountry "CZE"]
[SourceTitle "playchess.com"]
[Source "ChessBase"]
[SourceQuality "1"]
[TimeControl "40/5400+30:1800+30"]

1. c4 e5 2. Nc3 Nf6 3. g3 Bc5 4. Bg2 O-O 5. e3 Re8 6. Nf3 d6 7. Qc2 Nc6 8. a3 Be6 9. b4 Bb6 10. Qb3 a6 11. O-O Ba7 12. a4 d5 13. cxd5 Nxd5 14. Nxd5 Bxd5 15. Qc3 Bxf3 16. Bxf3 e4 17. Bg2 Qe7 18. Bb2 f6 19. b5 axb5 20. axb5 Nb4 21. Ba3 Nd5 22. Bxe7 Nxc3 23. dxc3 Rxe7 24. Rfd1 Ree8 25. Rd7 Bb6 26. Rxa8 Rxa8 27. Bxe4 Ra1+ 28. Kg2 Ra2 29. Bd5+ 1-0

[Event "CZE-ch Youth G10-G12-G14 2022"]
[Site "Luhacovice"]
[Date "2022.03.13"]
[Round "2.3"]
[White "Lackova, Lucie"]
[Black "Koutna Simona"]
[Result "1-0"]
[ECO "B50"]
[WhiteElo "1142"]
[BlackElo "1000"]
[Annotator "NA"]
[PlyCount "49"]
[EventDate "2022.03.12"]
[EventType "swiss"]
[EventCountry "CZE"]
[SourceTitle "playchess.com"]
[Source "ChessBase"]
[SourceQuality "1"]
[TimeControl "40/5400+30:1800+30"]

1. e4 c5 2. Nc3 Nc6 3. Nf3 d6 4. Be2 g6 5. O-O Bg7 6. d3 Nf6 7. d4 Qc7 8. d5 Nb4 9. a3 Na6 10. Re1 O-O 11. Bc4 e6 12. dxe6 fxe6 13. Nb5 Qc6 14. Qxd6 Nxe4 15. Qxc6 bxc6 16. Rxe4 cxb5 17. Bxb5 Rd8 18. Bg5 Bb7 19. Rxe6 Rf8 20. Bxa6 Bxf3 21. gxf3 Rxf3 22. Bb7 Rxa3 23. Rxa3 Rb8 24. Bd5 Kf8 25. Rf3+ 1-0

[Event "CZE-ch Youth G10-G12-G14 2022"]
[Site "Luhacovice"]
[Date "2022.03.13"]
[Round "2.4"]
[White "Mazurkova Viktorie"]
[Black "Janouskova, Eliska"]
[Result "0-1"]
[ECO "A00"]
[WhiteElo "1000"]
[BlackElo "1167"]
[Annotator "NA"]
[PlyCount "52"]
[EventDate "2022.03.12"]
[EventType "swiss"]
[EventCountry "CZE"]
[SourceTitle "playchess.com"]
[Source "ChessBase"]
[SourceQuality "1"]
[TimeControl "40/5400+30:1800+30"]

1. e4 e5 2. Nf3 d5 3. Nc3 dxe4 4. Nxe4 Nf6 5. Neg5 h6 6. Nh3 Nc6 7. Be2 e4 8. Nfg1 Bc5 9. Bb5 O-O 10. d3 exd3 11. cxd3 Re8+ 12. Ne2 Bg4 13. O-O Bxe2 14. Qe1 Bxf1 15. Qxf1 a6 16. Bxc6 bxc6 17. Nf4 Ng4 18. Be3 Nxe3 19. fxe3 Bxe3+ 20. Kh1 Qf6 21. Re1 Qxf4 22. Qe2 Bd2 23. Qe4 Rxe4 24. dxe4 Bxe1 25. Kg1 Qf2+ 26. Kh1 Qf1# 0-1

[Event "CZE-ch Youth G10-G12-G14 2022"]
[Site "Luhacovice"]
[Date "2022.03.13"]
[Round "2.5"]
[White "Lickova, Anna"]
[Black "Romanko Diana"]
[Result "0-1"]
[ECO "C01"]
[WhiteElo "1016"]
[BlackElo "1000"]
[Annotator "NA"]
[PlyCount "157"]
[EventDate "2022.03.12"]
[EventType "swiss"]
[EventCountry "CZE"]
[SourceTitle "playchess.com"]
[Source "ChessBase"]
[SourceQuality "1"]
[TimeControl "40/5400+30:1800+30"]

1. e4 e6 2. d4 d5 3. exd5 exd5 4. Nf3 Bd6 5. Nc3 c6 6. Be3 Nf6 7. Bd3 Bc7 8. Qd2 Qd6 9. O-O-O Be6 10. Ng5 Nbd7 11. Rde1 O-O-O 12. Nxe6 fxe6 13. g3 Rde8 14. Bf4 e5 15. dxe5 Nxe5 16. Bf5+ Kb8 17. Re3 d4 18. Re2 dxc3 19. Qxc3 Qd5 20. Rd1 Qb5 21. Rde1 Nd5 22. Qa3 Nf6 23. Re3 Ba5 24. Bxe5+ Ka8 25. R1e2 Nd5 26. Qb3 Nxe3 27. Qxe3 Bc7 28. f4 Bxe5 29. fxe5 g6 30. Bh3 Re7 31. Qf3 a6 32. Bf1 Qa5 33. Kb1 Rd7 34. Re3 Qd2 35. a3 Qd1+ 36. Ka2 Qxf3 37. Rxf3 Rdd8 38. h4 Rdf8 39. Rxf8+ Rxf8 40. Bd3 Re8 41. Kb3 Rxe5 42. Kc3 Re3 43. g4 Rh3 44. h5 gxh5 45. gxh5 h6 46. Kd4 Rxh5 47. b4 Rd5+ 48. Ke4 Rd8 49. Kf4 h5 50. Kg5 Rh8 51. Kh4 Ka7 52. Bg6 Kb6 53. c4 c5 54. Bxh5 a5 55. b5 Kc7 56. Kg5 Kd6 57. Bf3 Rg8+ 58. Kf4 b6 59. a4 Rg1 60. Bd5 Ra1 61. Ke3 Rxa4 62. Kd3 Ra1 63. Kc2 Ra4 64. Kc3 Rb4 65. Bg8 a4 66. Bh7 a3 67. Kc2 a2 68. Bd3 a1=Q 69. Kd2 Rb2+ 70. Bc2 Qa5+ 71. Kd3 Qa3+ 72. Kd2 Qa2 73. Kd3 Rxc2 74. Ke3 Qa3+ 75. Ke4 Rxc4+ 76. Kf5 Qh3+ 77. Kf6 Rf4+ 78. Kg6 Qg3+ 79. Kh7 0-1

[Event "CZE-ch Youth G10-G12-G14 2022"]
[Site "Luhacovice"]
[Date "2022.03.13"]
[Round "2.6"]
[White "Kubalova Nikol"]
[Black "Martikanova Amalie"]
[Result "1/2-1/2"]
[ECO "D00"]
[WhiteElo "1000"]
[BlackElo "1245"]
[Annotator "NA"]
[PlyCount "37"]
[EventDate "2022.03.12"]
[EventType "swiss"]
[EventCountry "CZE"]
[SourceTitle "playchess.com"]
[Source "ChessBase"]
[SourceQuality "1"]
[TimeControl "40/5400+30:1800+30"]

1. d4 d5 2. Bf4 Nc6 3. e3 Bf5 4. Ne2 Nf6 5. g3 e6 6. Bg2 Bb4+ 7. Nbc3 Ne4 8. O-O Nxc3 9. Nxc3 O-O 10. Nb5 Rc8 11. Qh5 Qf6 12. g4 Be4 13. Bxe4 dxe4 14. g5 Qf5 15. f3 exf3 16. Rxf3 Qxb5 17. Rh3 f6 18. Rh4 fxg5 19. c3 1/2-1/2

[Event "CZE-ch Youth G10-G12-G14 2022"]
[Site "Luhacovice"]
[Date "2022.03.13"]
[Round "2.7"]
[White "Melicharova Veronika"]
[Black "Vlckova Linda"]
[Result "1-0"]
[ECO "C01"]
[WhiteElo "1000"]
[BlackElo "1000"]
[Annotator "NA"]
[PlyCount "33"]
[EventDate "2022.03.12"]
[EventType "swiss"]
[EventCountry "CZE"]
[SourceTitle "playchess.com"]
[Source "ChessBase"]
[SourceQuality "1"]
[TimeControl "40/5400+30:1800+30"]

1. e4 e6 2. d4 f5 3. e5 d6 4. exd6 Qxd6 5. Nf3 Qd8 6. Bc4 Be7 7. O-O Nc6 8. Bb5 Bd7 9. Be3 h6 10. Ne5 Nxe5 11. Bxd7+ Nxd7 12. Qh5+ g6 13. Qxg6+ Kf8 14. Nc3 Bf6 15. Qh5 Qe7 16. a3 e5 17. Rab1 1-0

[Event "CZE-ch Youth G10-G12-G14 2022"]
[Site "Luhacovice"]
[Date "2022.03.13"]
[Round "2.9"]
[White "Vanickova Natalie"]
[Black "Silhankova Simona"]
[Result "1-0"]
[ECO "C29"]
[WhiteElo "1000"]
[BlackElo "1000"]
[Annotator "NA"]
[PlyCount "129"]
[EventDate "2022.03.12"]
[EventType "swiss"]
[EventCountry "CZE"]
[SourceTitle "playchess.com"]
[Source "ChessBase"]
[SourceQuality "1"]
[TimeControl "40/5400+30:1800+30"]

1. e4 e5 2. f4 Nf6 3. Nc3 Nc6 4. Nf3 Bc5 5. d3 O-O 6. Bd2 Ng4 7. Qe2 d6 8. O-O-O Nf6 9. h4 Bg4 10. Qe1 Nd4 11. Be2 Nc6 12. Ng1 Bh5 13. Bxh5 Nxh5 14. g4 Nxf4 15. Bxf4 exf4 16. Qf1 Be3+ 17. Kb1 Nb4 18. Nce2 Qd7 19. a3 a5 20. Nxf4 Qa4 21. Qe2 Bd4 22. c3 Qb3 23. cxd4 Qa2+ 24. Kc1 Qa1+ 25. Kd2 Qxb2+ 26. Ke3 Qc3 27. axb4 axb4 28. Nd5 Qb3 29. Nxc7 Ra2 30. Rd2 Ra1 31. Rb2 Qa3 32. Nb5 Qa5 33. Nxd6 Ra2 34. Rxa2 Qc7 35. e5 b3 36. Rb2 Qc3 37. Nxb7 h6 38. Nf3 Rb8 39. Na5 Qxa5 40. Rhb1 Qa4 41. Qd1 f6 42. Rxb3 Re8 43. Kf4 g5+ 44. hxg5 fxg5+ 45. Kf5 Rf8+ 46. Kg6 Qe8+ 47. Kxh6 Qe6+ 48. Kxg5 Qe7+ 49. Kh5 Qh7+ 50. Kg5 Qe7+ 51. Kh5 Qe8+ 52. Kh4 Qd8+ 53. Kg3 Qc7 54. Rb8 Rxb8 55. Rxb8+ Qxb8 56. Ng5 Qd8 57. Ne6 Qd5 58. Nc7 Qxd4 59. Qb3+ Kg7 60. Ne6+ Kg6 61. Nxd4 Kg7 62. Qe6 Kh8 63. Nf5 Kh7 64. Qh6+ Kg8 65. Qg7# 1-0

[Event "CZE-ch Youth G10-G12-G14 2022"]
[Site "Luhacovice"]
[Date "2022.03.13"]
[Round "2.10"]
[White "Ramseier, Jana S."]
[Black "Topencikova Ellen"]
[Result "1-0"]
[ECO "B10"]
[WhiteElo "2090"]
[BlackElo "1000"]
[Annotator "ChessBase"]
[PlyCount "35"]
[EventDate "2022.03.12"]
[EventType "swiss"]
[EventCountry "CZE"]
[SourceTitle "playchess.com"]
[Source "ChessBase"]
[SourceQuality "1"]
[TimeControl "40/5400+30:1800+30"]

1. e4 c6 2. Bc4 d5 3. exd5 cxd5 4. Bb5+ Bd7 5. Nc3 Bxb5 6. Nxb5 Nf6 7. d3 e6 8. Bf4 Bc5 9. Nc7+ Kf8 10. Nxa8 Ng4 11. Qxg4 Bb4+ 12. c3 Be7 13. Nf3 f5 14. Qg3 h5 15. Ng5 Kg8 16. Bc7 h4 17. Qf4 Bxg5 18. Qxg5 1-0

[Event "CZE-ch Youth G10-G12-G14 2022"]
[Site "Luhacovice"]
[Date "2022.03.13"]
[Round "2.11"]
[White "Zadrapova Gabriela"]
[Black "Stepankova Linda"]
[Result "1/2-1/2"]
[ECO "B13"]
[WhiteElo "1000"]
[BlackElo "1000"]
[Annotator "NA"]
[PlyCount "67"]
[EventDate "2022.03.12"]
[EventType "swiss"]
[EventCountry "CZE"]
[SourceTitle "playchess.com"]
[Source "ChessBase"]
[SourceQuality "1"]
[TimeControl "40/5400+30:1800+30"]

1. e4 c6 2. Nf3 d5 3. exd5 cxd5 4. Nc3 Nf6 5. d4 Nc6 6. Bd3 Bg4 7. O-O e6 8. h3 Bh5 9. Bf4 Bd6 10. Ne2 O-O 11. Re1 Bxf3 12. gxf3 Nxd4 13. Bxd6 Nxe2+ 14. Qxe2 Qxd6 15. Rad1 Rfe8 16. Rd2 e5 17. Red1 Rad8 18. Bb5 Re7 19. Bc4 d4 20. c3 h6 21. Qd3 e4 22. Qe2 exf3 23. Qxf3 Qc6 24. Qd3 Ne4 25. Re2 Qg6+ 26. Kf1 a6 27. cxd4 b5 28. Bb3 Qf5 29. f3 Qxh3+ 30. Rg2 Qh1+ 31. Rg1 Qh3+ 32. Rg2 Qh1+ 33. Rg1 Qh3+ 34. Rg2 1/2-1/2

[Event "CZE-ch Youth G10-G12-G14 2022"]
[Site "Luhacovice"]
[Date "2022.03.13"]
[Round "2.12"]
[White "Bouchalova, Kveta"]
[Black "Buchtova, Viktorie"]
[Result "0-1"]
[ECO "B78"]
[WhiteElo "1303"]
[BlackElo "1464"]
[Annotator "NA"]
[PlyCount "144"]
[EventDate "2022.03.12"]
[EventType "swiss"]
[EventCountry "CZE"]
[SourceTitle "playchess.com"]
[Source "ChessBase"]
[SourceQuality "1"]
[TimeControl "40/5400+30:1800+30"]

1. e4 c5 2. Nf3 Nc6 3. d4 cxd4 4. Nxd4 g6 5. Nc3 Bg7 6. Be3 Nf6 7. Bc4 O-O 8. f3 d6 9. Qd2 Bd7 10. O-O-O Rc8 11. Bb3 Ne5 12. h4 Nc4 13. Bxc4 Rxc4 14. g4 h5 15. gxh5 Nxh5 16. Nde2 Qa5 17. Bh6 Rfc8 18. Bxg7 Kxg7 19. b3 R4c5 20. Kb2 b5 21. Rc1 R8c6 22. Nb1 b4 23. Rhd1 Ra6 24. a3 bxa3+ 25. Ka2 Qxd2 26. Rxd2 Nf6 27. Nec3 Rh5 28. Rh1 Be6 29. f4 Bg4 30. Rd3 Rc5 31. Rh2 Bd7 32. Rg2 Rh5 33. Rh2 Bc6 34. Nd2 Ng4 35. Rg2 Nf6 36. Rh3 d5 37. e5 Ne4 38. Ndxe4 dxe4 39. Rgh2 f6 40. Rg3 Kf7 41. e6+ Kxe6 42. Rxg6 Kf5 43. Rg7 e6 44. Re7 Bd5 45. Nb5 Kxf4 46. Rf2+ Kg3 47. Rxf6 Rf5 48. Rg7+ Kf2 49. Rxf5+ exf5 50. h5 Rh6 51. Rg5 Be6 52. Nd4 Bd7 53. Kxa3 e3 54. c4 e2 55. Nxe2 Kxe2 56. Kb4 f4 57. Re5+ Kf1 58. c5 f3 59. Rd5 Be8 60. Rd6 Rxh5 61. c6 Bxc6 62. Rxc6 Rg5 63. Kc3 f2 64. Rd6 Kg1 65. Rd1+ f1=Q 66. Rxf1+ Kxf1 67. Kb4 Ke2 68. Ka4 a5 69. Ka3 Kd2 70. Ka4 Kc2 71. Ka3 Rb5 72. Ka4 Rxb3 0-1

[Event "CZE-ch Youth G10-G12-G14 2022"]
[Site "Luhacovice"]
[Date "2022.03.13"]
[Round "2.13"]
[White "Markina, Sofiia"]
[Black "Barteckova, Nikol"]
[Result "1-0"]
[ECO "A08"]
[WhiteElo "1367"]
[BlackElo "1140"]
[Annotator "NA"]
[PlyCount "70"]
[EventDate "2022.03.12"]
[EventType "swiss"]
[EventCountry "CZE"]
[SourceTitle "playchess.com"]
[Source "ChessBase"]
[SourceQuality "1"]
[TimeControl "40/5400+30:1800+30"]

1. Nf3 c5 2. g3 Nc6 3. Bg2 e6 4. O-O Nf6 5. d3 d5 6. Qe1 Be7 7. e4 O-O 8. Bf4 Re8 9. e5 Nd7 10. c3 Nf8 11. Qe2 Ng6 12. Bc1 Qc7 13. Re1 Bd7 14. h4 Rac8 15. h5 Nf8 16. Bf4 b5 17. Nh2 a6 18. Ng4 Qd8 19. Nh6+ gxh6 20. Qg4+ Bg5 21. Bd2 Kh8 22. f4 Be7 23. Qh3 Qb6 24. g4 Qd8 25. f5 Bg5 26. f6 Qc7 27. Bxg5 hxg5 28. h6 Nxe5 29. Qh5 Neg6 30. Qxg5 Qg3 31. Nd2 Qxd3 32. Rad1 Qg3 33. Nf3 Red8 34. Ne5 Be8 35. Nxg6+ Kg8 1-0

[Event "CZE-ch Youth G10-G12-G14 2022"]
[Site "Luhacovice"]
[Date "2022.03.13"]
[Round "2.14"]
[White "Stavova, Lucie"]
[Black "Horkova, Tereza"]
[Result "1-0"]
[ECO "B23"]
[WhiteElo "1048"]
[BlackElo "1375"]
[Annotator "NA"]
[PlyCount "46"]
[EventDate "2022.03.12"]
[EventType "swiss"]
[EventCountry "CZE"]
[SourceTitle "playchess.com"]
[Source "ChessBase"]
[SourceQuality "1"]
[TimeControl "40/5400+30:1800+30"]

1. e4 c5 2. Nc3 e6 3. g3 d5 4. d3 Nc6 5. Bg2 d4 6. Nce2 e5 7. Nh3 g6 8. f4 f6 9. O-O Nge7 10. fxe5 Bxh3 11. Bxh3 fxe5 12. c3 Bg7 13. Bd2 Qd6 14. Qb3 Rf8 15. Rxf8+ Bxf8 16. Rf1 Nd8 17. cxd4 exd4 18. Nf4 Bh6 19. Ne6 c4 20. Qxc4 Nxe6 21. Bxh6 Kd7 22. Rf6 Rc8 23. Bxe6+ Kd8 1-0

[Event "CZE-ch Youth G10-G12-G14 2022"]
[Site "Luhacovice"]
[Date "2022.03.13"]
[Round "2.15"]
[White "Kammova, Katerina"]
[Black "Stehlikova, Vanessa"]
[Result "0-1"]
[ECO "C21"]
[WhiteElo "1376"]
[BlackElo "1039"]
[Annotator "NA"]
[PlyCount "132"]
[EventDate "2022.03.12"]
[EventType "swiss"]
[EventCountry "CZE"]
[SourceTitle "playchess.com"]
[Source "ChessBase"]
[SourceQuality "1"]
[TimeControl "40/5400+30:1800+30"]

1. e4 e5 2. d4 exd4 3. Nf3 Bc5 4. c3 dxc3 5. Nxc3 d6 6. Qb3 Qd7 7. e5 Nc6 8. Ne4 Bb4+ 9. Nc3 b6 10. Bb5 Bxc3+ 11. Qxc3 Bb7 12. Nd4 Nge7 13. exd6 Qxd6 14. Nxc6 Nxc6 15. Qxg7 O-O-O 16. Qg4+ Qd7 17. Qxd7+ Rxd7 18. Be3 Rg8 19. O-O Rdd8 20. f3 Nb4 21. Bf2 Nd3 22. Bh4 Rd4 23. Bf6 Ne5 24. Bxe5 Rd5 25. Bc4 Rxe5 26. Bxf7 Rg7 27. Bh5 Rxh5 28. g3 Rd5 29. Rf2 Rd3 30. f4 Rgd7 31. f5 Rd1+ 32. Rf1 Rxa1 33. Rxa1 Rf7 34. g4 Bf3 35. h3 Rf6 36. Rf1 Bd5 37. g5 Rf7 38. a3 Bc4 39. Rf4 Bd3 40. f6 Bg6 41. Kg2 Kd7 42. Kg3 Ke6 43. Kg4 c5 44. h4 h5+ 45. gxh6 Rxf6 46. Rxf6+ Kxf6 47. h5 Bh7 48. Kf4 a5 49. a4 c4 50. Kg4 Kf7 51. Kg5 Kg8 52. Kf6 Kh8 53. Ke6 Bc2 54. Kd5 Bxa4 55. Kxc4 b5+ 56. Kc3 b4+ 57. Kc4 b3 58. Kc5 Bd7 59. Kc4 a4 60. Kb4 Kh7 61. Ka3 Kxh6 62. Kb4 Kxh5 63. Kc3 Kg4 64. Kb4 Kf3 65. Ka3 Ke2 66. Kb4 Kd2 0-1

[Event "CZE-ch Youth G10-G12-G14 2022"]
[Site "Luhacovice"]
[Date "2022.03.13"]
[Round "2.16"]
[White "Sochorova Valentyna"]
[Black "Kozusnikova, Daniela"]
[Result "0-1"]
[ECO "C15"]
[WhiteElo "1201"]
[BlackElo "1364"]
[Annotator "NA"]
[PlyCount "142"]
[EventDate "2022.03.12"]
[EventType "swiss"]
[EventCountry "CZE"]
[SourceTitle "playchess.com"]
[Source "ChessBase"]
[SourceQuality "1"]
[TimeControl "40/5400+30:1800+30"]

1. e4 e6 2. d4 d5 3. Nc3 Bb4 4. Bd2 Bxc3 5. Bxc3 dxe4 6. Bc4 Ne7 7. Ne2 O-O 8. O-O Nbc6 9. Ng3 f5 10. Re1 Nd5 11. Qh5 Qf6 12. Rad1 Nf4 13. Qxf5 Qxf5 14. Nxf5 Rxf5 15. Rxe4 Bd7 16. Bd2 Nd5 17. Bb3 Kh8 18. Bc1 Na5 19. Bxd5 Rxd5 20. Rf4 Rf5 21. Re4 Nc6 22. Bf4 Raf8 23. Bg3 Ne7 24. Re2 c6 25. Bd6 Re8 26. c4 Ng6 27. Rde1 h6 28. g3 Kh7 29. Bb4 Bc8 30. Bc3 Rd8 31. b3 Re8 32. Bb2 b5 33. Rc1 bxc4 34. bxc4 e5 35. Rce1 Be6 36. Rc2 Bd7 37. Kf1 exd4 38. Rxe8 Bxe8 39. Bxd4 a6 40. Re2 Bf7 41. Rc2 Bg8 42. c5 Rd5 43. Rd2 Ne7 44. Be3 Rxd2 45. Bxd2 Bxa2 46. Ke2 Kg6 47. Kf3 Kf5 48. Bc3 Bd5+ 49. Ke3 g6 50. Bb4 Ng8 51. h3 h5 52. h4 Nf6 53. f3 Nd7 54. Kd4 Bxf3 55. Ke3 Bd5 56. Kd4 Kg4 57. Be1 Kf3 58. Kd3 Nxc5+ 59. Kc3 Ne4+ 60. Kb4 Nxg3 61. Kc5 Kg4 62. Kd4 Nf5+ 63. Kc5 Nxh4 64. Kb6 Nf3 65. Bb4 h4 66. Kxa6 h3 67. Bd6 Kf5 68. Bg3 h2 69. Bxh2 Nxh2 70. Kb6 g5 71. Kc5 Nf3 0-1

[Event "CZE-ch Youth G10-G12-G14 2022"]
[Site "Luhacovice"]
[Date "2022.03.13"]
[Round "2.17"]
[White "Stara, Zuzana"]
[Black "Zezulova Sara"]
[Result "1-0"]
[ECO "C26"]
[WhiteElo "1322"]
[BlackElo "1000"]
[Annotator "NA"]
[PlyCount "49"]
[EventDate "2022.03.12"]
[EventType "swiss"]
[EventCountry "CZE"]
[SourceTitle "playchess.com"]
[Source "ChessBase"]
[SourceQuality "1"]
[TimeControl "40/5400+30:1800+30"]

1. e4 e5 2. Nc3 Nc6 3. g3 Nf6 4. Bg2 Bc5 5. Nge2 d6 6. Na4 O-O 7. Nxc5 dxc5 8. O-O Be6 9. d3 Nd4 10. Nxd4 cxd4 11. f4 Ng4 12. f5 Bd7 13. Qxg4 Qf6 14. Bg5 Qd6 15. Qe2 f6 16. Bd2 g6 17. Bh3 Ba4 18. fxg6 Qd7 19. Bxd7 Bxd7 20. gxh7+ Kh8 21. Qh5 Rae8 22. Bh6 Bg4 23. Qxg4 Rf7 24. Qg6 Rxh7 25. Qxe8# 1-0

[Event "CZE-ch Youth G10-G12-G14 2022"]
[Site "Luhacovice"]
[Date "2022.03.13"]
[Round "2.18"]
[White "Lukaskova Ellen"]
[Black "Slivova, Linda"]
[Result "0-1"]
[ECO "B01"]
[WhiteElo "1058"]
[BlackElo "1298"]
[Annotator "NA"]
[PlyCount "110"]
[EventDate "2022.03.12"]
[EventType "swiss"]
[EventCountry "CZE"]
[SourceTitle "playchess.com"]
[Source "ChessBase"]
[SourceQuality "1"]
[TimeControl "40/5400+30:1800+30"]

1. e4 d5 2. exd5 Qxd5 3. Qf3 Nf6 4. Qxd5 Nxd5 5. Bc4 Nb6 6. Bb5+ c6 7. Be2 Bf5 8. d3 g6 9. Nc3 Bg7 10. Bf3 N8d7 11. Nge2 O-O 12. Be4 Bxe4 13. dxe4 Rad8 14. O-O Ne5 15. f4 Nec4 16. f5 Ne5 17. fxg6 hxg6 18. b3 Nbd7 19. Ba3 Rfe8 20. Rad1 Bf6 21. Bb2 Nc5 22. Ng3 Ng4 23. Rxd8 Rxd8 24. Rd1 Bd4+ 25. Kf1 Ne3+ 26. Ke2 Nxd1 27. Nxd1 Bxb2 28. Nxb2 Kg7 29. Nc4 b6 30. h4 Ne6 31. Ke3 Nd4 32. c3 Nb5 33. Ne5 Rd6 34. h5 Re6 35. Nd7 Nxc3 36. a4 Nd5+ 37. Kd3 Nf4+ 38. Kc3 Nxh5 39. Nxh5+ gxh5 40. e5 Rg6 41. e6 Rxe6 42. Nxb6 axb6 43. a5 bxa5 44. b4 axb4+ 45. Kxb4 Rd6 46. Kc3 e5 47. g4 hxg4 48. Kc4 g3 49. Kc5 Rd1 50. Kxc6 g2 51. Kc5 g1=Q+ 52. Kc4 Qd4+ 53. Kb5 Rc1 54. Ka5 Qb2 55. Ka4 Ra1# 0-1

[Event "CZE-ch Youth G10-G12-G14 2022"]
[Site "Luhacovice"]
[Date "2022.03.13"]
[Round "2.19"]
[White "Bartova Hana"]
[Black "Hladka, Leontyna"]
[Result "1/2-1/2"]
[ECO "C29"]
[WhiteElo "1000"]
[BlackElo "1134"]
[Annotator "NA"]
[PlyCount "62"]
[EventDate "2022.03.12"]
[EventType "swiss"]
[EventCountry "CZE"]
[SourceTitle "playchess.com"]
[Source "ChessBase"]
[SourceQuality "1"]
[TimeControl "40/5400+30:1800+30"]

1. e4 e5 2. Nc3 Nf6 3. f4 Nc6 4. fxe5 Nxe5 5. d4 Ng6 6. Bd3 Bb4 7. Bd2 Bxc3 8. Bxc3 O-O 9. Nf3 d6 10. e5 dxe5 11. Bxg6 hxg6 12. dxe5 Qe7 13. O-O Ne4 14. Qd4 Nxc3 15. Qxc3 Bf5 16. Rad1 Rad8 17. Rfe1 Rxd1 18. Rxd1 Rd8 19. Rxd8+ Qxd8 20. Qd4 Qxd4+ 21. Nxd4 a6 22. c4 Kf8 23. Kf2 Ke7 24. Ke3 Be6 25. Nxe6 Kxe6 26. Ke4 b6 27. b4 c6 28. a3 f6 29. exf6 gxf6 30. g4 Kd6 31. h4 Ke6 1/2-1/2

[Event "CZE-ch Youth G10-G12-G14 2022"]
[Site "Luhacovice"]
[Date "2022.03.13"]
[Round "2.20"]
[White "Martinkovicova Nela"]
[Black "Pruskova, Justyna"]
[Result "1/2-1/2"]
[ECO "C36"]
[WhiteElo "1032"]
[BlackElo "1003"]
[Annotator "NA"]
[PlyCount "88"]
[EventDate "2022.03.12"]
[EventType "swiss"]
[EventCountry "CZE"]
[SourceTitle "playchess.com"]
[Source "ChessBase"]
[SourceQuality "1"]
[TimeControl "40/5400+30:1800+30"]

1. e4 e5 2. f4 exf4 3. Nf3 d5 4. Nc3 dxe4 5. Nxe4 Qe7 6. Qe2 Bg4 7. d4 f5 8. Nf2 Qxe2+ 9. Bxe2 Bd6 10. h3 Bxf3 11. Bxf3 c6 12. Nd3 Nd7 13. Bxf4 Bxf4 14. Nxf4 Ne7 15. Ne6 Rc8 16. Nxg7+ Kf7 17. Nh5 Nf6 18. Nxf6 Kxf6 19. Kd2 Rcd8 20. Ke3 Nd5+ 21. Bxd5 Rxd5 22. Rae1 Re8+ 23. Kd3 Red8 24. c3 c5 25. g4 cxd4 26. c4 Ra5 27. gxf5 Rxf5 28. Rhf1 Rxf1 29. Rxf1+ Kg5 30. Rf7 Kg6 31. Rxb7 h5 32. h4 Kf5 33. Rxa7 Kg4 34. Re7 Kxh4 35. Re4+ Kg5 36. Re1 h4 37. Rg1+ Kf4 38. Rf1+ Kg3 39. Rg1+ Kf2 40. Rh1 Kg3 41. Rg1+ Kf4 42. Rf1+ Kg4 43. Rg1+ Kf5 44. Rf1+ Kg4 1/2-1/2

[Event "CZE-ch Youth G10-G12-G14 2022"]
[Site "Luhacovice"]
[Date "2022.03.13"]
[Round "2.21"]
[White "Kubickova Linda"]
[Black "Kubatova Ema"]
[Result "0-1"]
[ECO "B30"]
[WhiteElo "1000"]
[BlackElo "1183"]
[Annotator "NA"]
[PlyCount "26"]
[EventDate "2022.03.12"]
[EventType "swiss"]
[EventCountry "CZE"]
[SourceTitle "playchess.com"]
[Source "ChessBase"]
[SourceQuality "1"]
[TimeControl "40/5400+30:1800+30"]

1. e4 c5 2. Nc3 Nc6 3. Nf3 g6 4. Bc4 Bg7 5. Ng5 Ne5 6. d4 Nxc4 7. dxc5 Ne5 8. Bf4 h6 9. Bxe5 Bxe5 10. Qd5 Bxc3+ 11. bxc3 hxg5 12. Qxg5 d6 13. Rd1 Qa5 0-1

[Event "CZE-ch Youth G10-G12-G14 2022"]
[Site "Luhacovice"]
[Date "2022.03.13"]
[Round "2.22"]
[White "Vaclavkova Klara"]
[Black "Barteckova, Valerie"]
[Result "1-0"]
[ECO "D02"]
[WhiteElo "1000"]
[BlackElo "1250"]
[Annotator "NA"]
[PlyCount "59"]
[EventDate "2022.03.12"]
[EventType "swiss"]
[EventCountry "CZE"]
[SourceTitle "playchess.com"]
[Source "ChessBase"]
[SourceQuality "1"]
[TimeControl "40/5400+30:1800+30"]

1. d4 Nf6 2. Nf3 d5 3. c4 e6 4. Bf4 c5 5. e3 Nc6 6. Bd3 Be7 7. Nc3 O-O 8. O-O h6 9. Ne5 Nxe5 10. Bxe5 cxd4 11. exd4 dxc4 12. Bxc4 a6 13. Qf3 Qb6 14. b3 Bd7 15. Qg3 Bc6 16. d5 exd5 17. Nxd5 Bxd5 18. Bxd5 Qb5 19. Bc4 Qa5 20. Rad1 Nh5 21. Qe3 Bc5 22. Qf3 g6 23. Rd5 Qb6 24. g4 Qc6 25. gxh5 b5 26. Bd3 f6 27. Bb2 Rae8 28. a4 f5 29. Qg3 Re6 30. Rxf5 1-0